[Event "NOR-ch Various 2019"]
[Site "Larvik"]
[Date "2019.07.12"]
[Round "8.23"]
[White "Lye, Sverre"]
[Black "Tunsjo, Axel"]
[Result "0-1"]
[ECO "B40"]
[WhiteElo "1839"]
[BlackElo "2039"]
[Annotator "NA"]
[PlyCount "130"]
[EventDate "2019.07.06"]
[EventType "swiss"]
[EventCountry "NOR"]
[SourceTitle "playchess.com"]
[Source "ChessBase"]
[SourceQuality "1"]
[TimeControl "40/5400+30:1800+30"]

1. e4 c5 2. Nf3 e6 3. g3 Nc6 4. Bg2 Nf6 5. Qe2 Qc7 6. O-O Be7 7. c3 d5 8. d3 b6 9. Bf4 Qd7 10. e5 Nh5 11. Bd2 f5 12. exf6 Nxf6 13. Re1 h6 14. Bh3 Kf7 15. a4 Re8 16. a5 b5 17. Bf4 Bd6 18. Ne5+ Nxe5 19. Bxe5 Bxe5 20. Qxe5 Bb7 21. d4 Rad8 22. Nd2 cxd4 23. cxd4 Qd6 24. Qxd6 Rxd6 25. Rac1 Ne4 26. Nb3 Rc6 27. f3 Ng5 28. Bg2 Rc4 29. h4 Nh7 30. Nc5 Ba8 31. Red1 Rc8 32. Bf1 Rb4 33. b3 Nf8 34. Rb1 Rxd4 35. Rxd4 Rxc5 36. b4 Rc3 37. Rd3 Rc6 38. Rdd1 a6 39. Rdc1 Ke7 40. Kf2 Kd6 41. Ke3 Nd7 42. f4 Nf6 43. Rxc6+ Bxc6 44. Bg2 d4+ 45. Kf2 Bxg2 46. Kxg2 Ne4 47. Re1 Nc3 48. g4 Na2 49. f5 exf5 50. gxf5 Nxb4 51. Re6+ Kd5 52. Re7 Kc4 53. Rc7+ Kd3 54. Rxg7 Nd5 55. Ra7 b4 56. Rxa6 b3 57. f6 b2 58. f7 b1=Q 59. f8=Q Ne3+ 60. Kh3 Qh1+ 61. Kg3 Qg2+ 62. Kf4 Qe4+ 63. Kg3 Qg4+ 64. Kf2 Qg2+ 65. Ke1 Qe2# 0-1

[Event "NOR-ch Various 2019"]
[Site "Larvik"]
[Date "2019.07.12"]
[Round "8.24"]
[White "Stromhaug, Kristoffer Wang"]
[Black "Olsen, William Alexander"]
[Result "1-0"]
[ECO "B15"]
[WhiteElo "1566"]
[BlackElo "1764"]
[Annotator "NA"]
[PlyCount "145"]
[EventDate "2019.07.06"]
[EventType "swiss"]
[EventCountry "NOR"]
[SourceTitle "playchess.com"]
[Source "ChessBase"]
[SourceQuality "1"]
[TimeControl "40/5400+30:1800+30"]

1. e4 c6 2. d4 d5 3. Nd2 dxe4 4. Nxe4 Nf6 5. Nxf6+ exf6 6. c3 Bd6 7. Bd3 O-O 8. Ne2 Re8 9. O-O Qc7 10. h3 Nd7 11. Qc2 Nf8 12. c4 c5 13. d5 Bd7 14. a4 a6 15. a5 g6 16. Bd2 f5 17. f4 h5 18. Bc3 Nh7 19. Rf3 Be7 20. Ng3 Bf6 21. Ne2 Re7 22. Bxf6 Nxf6 23. Nc3 Rae8 24. Qd2 Qd6 25. Ra3 Ne4 26. Bxe4 fxe4 27. Rf1 Qf6 28. Ne2 Bf5 29. Rb3 Rd8 30. Qe3 Rc7 31. Nc3 Qd4 32. Re1 Qxc4 33. Rb6 Qd4 34. Kf2 Re7 35. Rd1 Qxe3+ 36. Kxe3 Kg7 37. Na4 Rc7 38. d6 Rcc8 39. Rxb7 Be6 40. d7 Rc6 41. Kxe4 Kf6 42. Nb6 Bf5+ 43. Kd5 Re6 44. Kxc5 Be4 45. Rc7 Ke7 46. Rd6 Rxd6 47. Nc8+ Ke6 48. Nxd6 Bxg2 49. h4 Rxd7 50. Rxd7 Kxd7 51. Nxf7 Ke6 52. Nd6 Bf1 53. b4 Be2 54. b5 axb5 55. Nxb5 Bf1 56. a6 Kf5 57. a7 Bg2 58. Nd4+ Kxf4 59. Nc6 g5 60. hxg5 Kxg5 61. a8=Q Be4 62. Qg8+ Kf4 63. Kd4 Bxc6 64. Qf7+ Kg5 65. Qe7+ Kf5 66. Qe5+ Kg4 67. Qe6+ Kg3 68. Qxc6 h4 69. Qh1 h3 70. Ke4 h2 71. Qf3+ Kh4 72. Kf4 h1=B 73. Qg4# 1-0

[Event "NOR-ch Various 2019"]
[Site "Larvik"]
[Date "2019.07.12"]
[Round "8.25"]
[White "Brattgjerd, Isak Vinh"]
[Black "Strand, Vetle Bjorge"]
[Result "1-0"]
[ECO "D02"]
[WhiteElo "1571"]
[BlackElo "1765"]
[Annotator "NA"]
[PlyCount "133"]
[EventDate "2019.07.06"]
[EventType "swiss"]
[EventCountry "NOR"]
[SourceTitle "playchess.com"]
[Source "ChessBase"]
[SourceQuality "1"]
[TimeControl "40/5400+30:1800+30"]

1. d4 Nf6 2. Bf4 d5 3. e3 c5 4. c3 Nc6 5. Nf3 Qb6 6. Qb3 c4 7. Qxb6 axb6 8. Na3 Bf5 9. Nb5 Rc8 10. h3 Kd7 11. Ng5 Bg6 12. g4 h6 13. Nf3 Ne4 14. Nh4 Bh7 15. f3 Nf6 16. Ng2 e6 17. Be2 Ne8 18. Kf2 Nd6 19. Nxd6 Bxd6 20. Rhd1 Ra8 21. e4 b5 22. exd5 exd5 23. Be5 f6 24. Bxd6 Kxd6 25. Ne3 Rhe8 26. f4 Ne7 27. Bf3 g6 28. Re1 Bg8 29. a3 Nc6 30. h4 Ne7 31. Re2 Bf7 32. Rae1 b6 33. f5 gxf5 34. gxf5 Ng8 35. Bxd5 Bxd5 36. Nxc4+ Bxc4 37. Rxe8 Rxe8 38. Rxe8 Kd7 39. Rf8 Kc7 40. Re8 Kd7 41. Rf8 Kc7 42. Kg3 Kd7 43. Kg4 Be2+ 44. Kf4 Bc4 45. Ke4 Kc6 46. Ke3 Kc7 47. Kd2 Bb3 48. Kd3 Kd7 49. a4 bxa4 50. c4 b5 51. cxb5 Kd6 52. Kc3 Kc7 53. Re8 Bf7 54. Rf8 Bb3 55. Kb4 Kb6 56. h5 Bd5 57. Kxa4 Kb7 58. Rd8 Bc4 59. b3 Be2 60. Rxg8 Bxh5 61. Ka5 Be2 62. Rg7+ Kc8 63. b6 h5 64. b4 h4 65. Rh7 h3 66. b7+ Kb8 67. Kb6 1-0

[Event "NOR-ch Various 2019"]
[Site "Larvik"]
[Date "2019.07.12"]
[Round "8.26"]
[White "Unneland, Mathias"]
[Black "Fuglestein, Sander"]
[Result "1/2-1/2"]
[ECO "D45"]
[WhiteElo "2008"]
[BlackElo "1997"]
[Annotator "NA"]
[PlyCount "65"]
[EventDate "2019.07.06"]
[EventType "swiss"]
[EventCountry "NOR"]
[SourceTitle "playchess.com"]
[Source "ChessBase"]
[SourceQuality "1"]
[TimeControl "40/5400+30:1800+30"]

1. d4 Nf6 2. c4 e6 3. Nf3 d5 4. Nc3 c6 5. e3 Nbd7 6. Qc2 Bd6 7. g4 Nxg4 8. Rg1 f5 9. h3 Ngf6 10. Rxg7 Ne4 11. Be2 Qf6 12. Rg2 Nf8 13. Bd2 Bd7 14. O-O-O O-O-O 15. c5 Bb8 16. b4 Ng6 17. b5 cxb5 18. Nxb5 Bc6 19. Qb2 e5 20. Qa3 a6 21. dxe5 Nxe5 22. Nxe5 Bxe5 23. Nd4 Bxd4 24. exd4 Nxd2 25. Rxd2 Qf7 26. Qf3 Rhg8 27. Bd3 Rxg2 28. Qxg2 Re8 29. Qg5 Bd7 30. c6 Bxc6 31. Qxf5+ Qxf5 32. Bxf5+ Bd7 33. Rc2+ 1/2-1/2

[Event "NOR-ch Various 2019"]
[Site "Larvik"]
[Date "2019.07.12"]
[Round "8.27"]
[White "Grave, Jacob Templen"]
[Black "Strand, Amund Pihl"]
[Result "1-0"]
[ECO "E49"]
[WhiteElo "1800"]
[BlackElo "1665"]
[Annotator "NA"]
[PlyCount "81"]
[EventDate "2019.07.06"]
[EventType "swiss"]
[EventCountry "NOR"]
[SourceTitle "playchess.com"]
[Source "ChessBase"]
[SourceQuality "1"]
[TimeControl "40/5400+30:1800+30"]

1. d4 Nf6 2. c4 e6 3. Nc3 Bb4 4. e3 c5 5. a3 Bxc3+ 6. bxc3 b6 7. Bd3 Bb7 8. f3 d5 9. cxd5 exd5 10. Ne2 O-O 11. O-O Re8 12. Ng3 cxd4 13. cxd4 Nc6 14. Bd2 a5 15. Qa4 Re6 16. Rfc1 Ne7 17. Rab1 Bc6 18. Qb3 Rb8 19. Bxa5 Ba4 20. Qxa4 bxa5 21. Rxb8 Qxb8 22. Nf5 g6 23. Nxe7+ Rxe7 24. Qxa5 Rxe3 25. Qa6 Qb2 26. Qc8+ Kg7 27. Qc3 Qb6 28. Kf2 Re6 29. Rb1 Qd6 30. g3 Qe7 31. Qb4 Qa7 32. a4 Nd7 33. a5 Nb8 34. Qc5 Qa8 35. Qc7 Nc6 36. a6 Re7 37. Qb6 Ra7 38. Rc1 Nb8 39. Rc8 Rxa6 40. Bxa6 Qxa6 41. Rxb8 1-0

[Event "NOR-ch Various 2019"]
[Site "Larvik"]
[Date "2019.07.12"]
[Round "8.28"]
[White "Aulin-Jansson, Joran"]
[Black "Hobber, Anders"]
[Result "0-1"]
[ECO "B40"]
[WhiteElo "2223"]
[BlackElo "2294"]
[Annotator "NA"]
[PlyCount "102"]
[EventDate "2019.07.06"]
[EventType "swiss"]
[EventCountry "NOR"]
[SourceTitle "playchess.com"]
[Source "ChessBase"]
[SourceQuality "1"]
[TimeControl "40/5400+30:1800+30"]

1. e4 e6 2. d3 d5 3. Nd2 Nf6 4. Ngf3 c5 5. Be2 Nc6 6. O-O Be7 7. c3 O-O 8. Qc2 b5 9. Re1 a5 10. Nf1 Bb7 11. Ng3 b4 12. Bg5 a4 13. c4 dxe4 14. dxe4 Nd7 15. Be3 a3 16. b3 Bf6 17. Rad1 Qc7 18. Nh5 Bc3 19. Bf4 Nde5 20. Nxe5 Bxe5 21. Bxe5 Qxe5 22. f4 Nd4 23. Qd2 Qxe4 24. Bd3 Qc6 25. Qf2 f5 26. Re3 g6 27. Ng3 Rad8 28. Ne2 Nxe2+ 29. Bxe2 Rxd1+ 30. Bxd1 Qd6 31. Bf3 Bxf3 32. gxf3 Qxf4 33. Rxe6 Rd8 34. Qe1 Qd4+ 35. Kf1 Qd3+ 36. Qe2 Qd1+ 37. Qxd1 Rxd1+ 38. Kf2 Rd2+ 39. Re2 Rb2 40. Ke3 Kf7 41. Kd3 Rxe2 42. Kxe2 g5 43. Ke3 Kf6 44. Kd3 Ke5 45. Ke3 f4+ 46. Kd3 h6 47. h3 h5 48. Ke2 Kd4 49. Kd2 h4 50. Ke2 Kc3 51. Ke1 Kd3 0-1

[Event "NOR-ch Various 2019"]
[Site "Larvik"]
[Date "2019.07.12"]
[Round "8.29"]
[White "Hagesather, Ellen"]
[Black "Brodtkorb, Lars Johan"]
[Result "1-0"]
[ECO "A01"]
[WhiteElo "2193"]
[BlackElo "2077"]
[Annotator "ChessBase"]
[PlyCount "101"]
[EventDate "2019.07.06"]
[EventType "swiss"]
[EventCountry "NOR"]
[SourceTitle "playchess.com"]
[Source "ChessBase"]
[SourceQuality "1"]
[TimeControl "40/5400+30:1800+30"]

1. b3 e5 2. Bb2 Nc6 3. e3 Nge7 4. d4 exd4 5. exd4 d5 6. Nf3 Bf5 7. Be2 Qd7 8. O-O f6 9. Nc3 g5 10. Na4 Ng6 11. Re1 O-O-O 12. Nc5 Qf7 13. Bd3 Bg4 14. Nxg5 fxg5 15. Qxg4+ Kb8 16. Ne6 Rc8 17. Nxg5 Qf6 18. Nxh7 Rxh7 19. Qxg6 Rh6 20. Qxf6 Rxf6 21. c3 Bd6 22. Re2 Rh8 23. h3 a6 24. Rae1 Ka7 25. Re6 Rf7 26. Bc1 Ne7 27. Bg5 Nf5 28. Rf6 Rxf6 29. Bxf6 Rf8 30. Be5 Nh4 31. Bg3 Nf5 32. Bxf5 Bxg3 33. fxg3 Rxf5 34. Re5 Rf6 35. Rxd5 b5 36. g4 Kb6 37. g5 Re6 38. h4 a5 39. h5 a4 40. bxa4 bxa4 41. Re5 Rc6 42. Re3 a3 43. g6 Rd6 44. g7 Rd8 45. h6 c5 46. h7 c4 47. g8=Q Kb5 48. Qxd8 Ka4 49. Qb8 Ka5 50. Re7 Ka4 51. Ra7# 1-0

[Event "NOR-ch Various 2019"]
[Site "Larvik"]
[Date "2019.07.12"]
[Round "8.30"]
[White "Andersen, Lars Even"]
[Black "Thanke, Bror"]
[Result "1-0"]
[ECO "E04"]
[WhiteElo "2314"]
[BlackElo "2191"]
[Annotator "NA"]
[PlyCount "101"]
[EventDate "2019.07.06"]
[EventType "swiss"]
[EventCountry "NOR"]
[SourceTitle "playchess.com"]
[Source "ChessBase"]
[SourceQuality "1"]
[TimeControl "40/5400+30:1800+30"]

1. d4 Nf6 2. Nf3 e6 3. g3 d5 4. Bg2 c5 5. O-O Nc6 6. c4 dxc4 7. Qa4 Nd5 8. dxc5 Bxc5 9. Qxc4 Be7 10. Rd1 Qc7 11. Nc3 Nxc3 12. Qxc3 Bf6 13. Qc2 O-O 14. Nd4 Rd8 15. Be3 Bxd4 16. Bxd4 Bd7 17. Rac1 Be8 18. Qc5 Qd6 19. Qxd6 Rxd6 20. Bc5 Rxd1+ 21. Rxd1 a6 22. Bb6 h6 23. h4 Kf8 24. Bc5+ Kg8 25. Kf1 Rc8 26. Bb6 Kf8 27. Rc1 Bd7 28. a4 Ke8 29. a5 Ne7 30. Rxc8+ Bxc8 31. Ke1 Kd7 32. e4 Nc6 33. f4 f6 34. h5 Kd6 35. Kd2 e5 36. Bf3 Bd7 37. Kc3 Be8 38. b4 g6 39. Bc5+ Kc7 40. hxg6 Bxg6 41. f5 Be8 42. Bd1 h5 43. Bb3 Kd7 44. Be6+ Kd8 45. Bb6+ Ke7 46. Bc8 Nd8 47. Bxd8+ Kxd8 48. Bxb7 Bb5 49. Bd5 Kc7 50. Bc4 Bc6 51. Kd3 1-0

[Event "NOR-ch Various 2019"]
[Site "Larvik"]
[Date "2019.07.12"]
[Round "8.31"]
[White "Hole, Oystein"]
[Black "Demac, Elias"]
[Result "1-0"]
[ECO "E97"]
[WhiteElo "2293"]
[BlackElo "2215"]
[Annotator "NA"]
[PlyCount "59"]
[EventDate "2019.07.06"]
[EventType "swiss"]
[EventCountry "NOR"]
[SourceTitle "playchess.com"]
[Source "ChessBase"]
[SourceQuality "1"]
[TimeControl "40/5400+30:1800+30"]

1. Nf3 Nf6 2. c4 g6 3. Nc3 Bg7 4. e4 d6 5. d4 O-O 6. Be2 e5 7. O-O Nc6 8. d5 Ne7 9. b4 Nh5 10. g3 f5 11. Ng5 Nf6 12. Bf3 f4 13. c5 h6 14. Ne6 Bxe6 15. dxe6 d5 16. exd5 e4 17. Nxe4 Nfxd5 18. Rb1 fxg3 19. hxg3 a5 20. b5 Nb4 21. Rb3 Qe8 22. Qd7 Nf5 23. Bg4 Nd4 24. Re3 h5 25. Bh3 Qxd7 26. exd7 Nxa2 27. Bb2 Nb4 28. Ng5 Nf3+ 29. Rxf3 Rxf3 30. Bxg7 1-0

[Event "NOR-ch Various 2019"]
[Site "Larvik"]
[Date "2019.07.12"]
[Round "8.32"]
[White "Abdrlauf, Elham"]
[Black "Esbensen, Arnt"]
[Result "0-1"]
[ECO "C28"]
[WhiteElo "2235"]
[BlackElo "2153"]
[Annotator "NA"]
[PlyCount "68"]
[EventDate "2019.07.06"]
[EventType "swiss"]
[EventCountry "NOR"]
[SourceTitle "playchess.com"]
[Source "ChessBase"]
[SourceQuality "1"]
[TimeControl "40/5400+30:1800+30"]

1. e4 e5 2. Nc3 d6 3. Bc4 Nf6 4. d3 Be7 5. f4 Nc6 6. Nf3 Bg4 7. O-O O-O 8. h3 Bxf3 9. Qxf3 Na5 10. f5 Nxc4 11. dxc4 c6 12. g4 h6 13. g5 hxg5 14. Bxg5 Nh7 15. Be3 Bg5 16. Bf2 Qf6 17. Kh1 Qh6 18. Rg1 Kh8 19. Rg2 Bf4 20. h4 g5 21. Ne2 Rg8 22. Rd1 Rad8 23. Kg1 g4 24. Qa3 g3 25. Bxg3 Bxg3 26. Nxg3 Rg4 27. c5 d5 28. exd5 cxd5 29. Qf3 Rdg8 30. Re1 Qxh4 31. Re3 d4 32. Rb3 e4 33. Qd1 d3 34. Qe1 Rxg3 0-1

[Event "NOR-ch Various 2019"]
[Site "Larvik"]
[Date "2019.07.12"]
[Round "8.33"]
[White "Holleland, Sigve"]
[Black "Martinsen, Stig K"]
[Result "0-1"]
[ECO "B06"]
[WhiteElo "2092"]
[BlackElo "2177"]
[Annotator "NA"]
[PlyCount "50"]
[EventDate "2019.07.06"]
[EventType "swiss"]
[EventCountry "NOR"]
[SourceTitle "playchess.com"]
[Source "ChessBase"]
[SourceQuality "1"]
[TimeControl "40/5400+30:1800+30"]

1. d4 g6 2. e4 Bg7 3. f4 d6 4. a3 Nd7 5. Nf3 c5 6. d5 a6 7. c4 Ngf6 8. Nc3 O-O 9. h3 b5 10. cxb5 axb5 11. Bxb5 Nxe4 12. Nxe4 Qa5+ 13. Nc3 Bxc3+ 14. bxc3 Qxb5 15. Kf2 Nf6 16. Re1 Re8 17. c4 Qxc4 18. Bb2 Qxf4 19. Qd3 Nh5 20. g4 Qg3+ 21. Ke3 Nf4 22. Qc4 Ng2+ 23. Kd2 Qxf3 24. Rf1 Qe3+ 25. Kc2 Ba6 0-1

[Event "NOR-ch Various 2019"]
[Site "Larvik"]
[Date "2019.07.12"]
[Round "8.34"]
[White "Huse, Sigurd Kjelsbol"]
[Black "Lund, Gunnar"]
[Result "1/2-1/2"]
[ECO "B38"]
[WhiteElo "2122"]
[BlackElo "2285"]
[Annotator "NA"]
[PlyCount "64"]
[EventDate "2019.07.06"]
[EventType "swiss"]
[EventCountry "NOR"]
[SourceTitle "playchess.com"]
[Source "ChessBase"]
[SourceQuality "1"]
[TimeControl "40/5400+30:1800+30"]

1. e4 c5 2. Nf3 g6 3. d4 cxd4 4. Nxd4 Bg7 5. c4 Nc6 6. Be3 Nf6 7. Nc3 O-O 8. Be2 d6 9. O-O Bd7 10. h3 a6 11. Qd2 Rb8 12. a4 Rc8 13. b3 Qa5 14. Rfd1 Rfe8 15. Rab1 Qc7 16. Rbc1 Qb8 17. f3 Nh5 18. Nd5 Ng3 19. Kf2 Nxd4 20. Bxd4 Nxe2 21. Kxe2 Be6 22. Bxg7 Bxd5 23. cxd5 Kxg7 24. Rc3 f6 25. Rdc1 Kf7 26. Qc2 Rxc3 27. Qxc3 Qd8 28. Qc7 Qxc7 29. Rxc7 Rb8 30. b4 Ke8 31. Ke3 Kd8 32. Rc1 Rc8 1/2-1/2

[Event "NOR-ch Various 2019"]
[Site "Larvik"]
[Date "2019.07.12"]
[Round "8.35"]
[White "Shehzad, Shazil"]
[Black "Moen, Ole Christian"]
[Result "1-0"]
[ECO "C42"]
[WhiteElo "2088"]
[BlackElo "2234"]
[Annotator "NA"]
[PlyCount "157"]
[EventDate "2019.07.06"]
[EventType "swiss"]
[EventCountry "NOR"]
[SourceTitle "playchess.com"]
[Source "ChessBase"]
[SourceQuality "1"]
[TimeControl "40/5400+30:1800+30"]

1. e4 e5 2. Nf3 Nf6 3. Nxe5 d6 4. Nf3 Nxe4 5. Nc3 Nxc3 6. dxc3 Nc6 7. Be3 Be7 8. Qd2 Bg4 9. O-O-O Qd7 10. h3 Bxf3 11. gxf3 Bf6 12. f4 O-O 13. h4 Qf5 14. Bd3 Qa5 15. a3 d5 16. Qe2 Rad8 17. Qh5 g6 18. Qg4 h5 19. Qg2 d4 20. cxd4 Nxd4 21. Bxd4 Rxd4 22. f5 Qb6 23. c3 Rg4 24. Qf3 Bxh4 25. fxg6 fxg6 26. Bc4+ Rxc4 27. Qd5+ Rf7 28. Qxc4 Bg5+ 29. Kb1 Kg7 30. Rhf1 Bf4 31. Rd4 Qf6 32. Ka1 h4 33. Qd3 Qf5 34. Qf3 h3 35. Rh1 h2 36. Qg2 a5 37. f3 Bd6 38. Rxd6 cxd6 39. Qxh2 Qh5 40. Qxh5 gxh5 41. Rxh5 Rxf3 42. Rxa5 Rf7 43. Rb5 Kf8 44. Rb6 Rd7 45. Ka2 Ke8 46. Kb3 Kd8 47. Rb4 Kc7 48. Rh4 Rg7 49. Kc4 Kc6 50. b4 b5+ 51. Kb3 Rg3 52. Rh7 Rf3 53. Rh8 Kb7 54. Rd8 Kc7 55. Rh8 Rg3 56. Rh1 Kc6 57. Rd1 Rh3 58. Rc1 Kd5 59. Rd1+ Kc6 60. Ra1 d5 61. Rd1 Rg3 62. Kc2 Rh3 63. Rd3 Rh2+ 64. Kb3 Rh1 65. Rg3 Rb1+ 66. Kc2 Ra1 67. Rg6+ Kb7 68. Kd3 Rd1+ 69. Ke3 d4+ 70. cxd4 Ra1 71. d5 Rxa3+ 72. Kd4 Ra1 73. Kc5 Rd1 74. Rg5 Ka6 75. Rg6+ Kb7 76. d6 Rh1 77. Rg5 Kc8 78. Kc6 Rc1+ 79. Rc5 1-0

[Event "NOR-ch Various 2019"]
[Site "Larvik"]
[Date "2019.07.12"]
[Round "8.36"]
[White "Fossan, Aleksander"]
[Black "Kristiansen, Willy M"]
[Result "0-1"]
[ECO "C55"]
[WhiteElo "2155"]
[BlackElo "2118"]
[Annotator "NA"]
[PlyCount "98"]
[EventDate "2019.07.06"]
[EventType "swiss"]
[EventCountry "NOR"]
[SourceTitle "playchess.com"]
[Source "ChessBase"]
[SourceQuality "1"]
[TimeControl "40/5400+30:1800+30"]

1. e4 e5 2. Nf3 Nc6 3. Bc4 Bc5 4. d3 Nf6 5. Nc3 O-O 6. O-O a6 7. Be3 Bxe3 8. fxe3 d6 9. Qe1 Ne7 10. Ne2 c6 11. Bb3 Ng6 12. Ng3 Be6 13. Nd2 Bxb3 14. axb3 d5 15. h3 dxe4 16. Ndxe4 Nxe4 17. Nxe4 f5 18. Nd2 Qe7 19. d4 Rae8 20. Nc4 exd4 21. exd4 Qd7 22. Qf2 f4 23. Rae1 Rxe1 24. Rxe1 f3 25. Ne5 Nxe5 26. dxe5 Qe6 27. gxf3 Qxh3 28. Re3 Rf5 29. Qg2 Qh5 30. f4 Rxf4 31. e6 Rg4 32. Rg3 Rxg3 33. Qxg3 Qg6 34. Qxg6 hxg6 35. Kg2 Kf8 36. Kg3 Ke7 37. Kg4 Kf6 38. e7 Kxe7 39. Kg5 Kf7 40. b4 b6 41. c3 a5 42. bxa5 bxa5 43. b3 c5 44. c4 Ke6 45. Kxg6 Ke5 46. Kxg7 Kd4 47. Kf6 Kc3 48. Ke6 Kxb3 49. Kd5 Kb4 0-1

[Event "NOR-ch Various 2019"]
[Site "Larvik"]
[Date "2019.07.12"]
[Round "8.37"]
[White "Machlik, Monika"]
[Black "Skotheim, Andreas"]
[Result "1/2-1/2"]
[ECO "D31"]
[WhiteElo "2083"]
[BlackElo "2138"]
[Annotator "NA"]
[PlyCount "196"]
[EventDate "2019.07.06"]
[EventType "swiss"]
[EventCountry "NOR"]
[SourceTitle "playchess.com"]
[Source "ChessBase"]
[SourceQuality "1"]
[TimeControl "40/5400+30:1800+30"]

1. d4 d5 2. c4 e6 3. Nc3 Bb4 4. cxd5 exd5 5. Nf3 c6 6. Qc2 Ne7 7. Bg5 h6 8. Bf4 Bd6 9. Bxd6 Qxd6 10. e3 Bf5 11. Bd3 Bxd3 12. Qxd3 Nd7 13. O-O O-O 14. Rab1 Ng6 15. Rfc1 Rae8 16. b4 a6 17. a4 f5 18. Re1 Nf6 19. h3 Ne4 20. Ne2 f4 21. exf4 Nxf4 22. Nxf4 Rxf4 23. Re2 Ref8 24. Rb3 R8f6 25. Qc2 Qf8 26. b5 axb5 27. axb5 cxb5 28. Rbe3 Qd8 29. Qb3 Kh7 30. Qxb5 Qc7 31. Qb2 Rb6 32. Rb3 Rff6 33. Ree3 Rbc6 34. Rxb7 Rc1+ 35. Re1 Rxe1+ 36. Nxe1 Qf4 37. Nd3 Qh4 38. Ra7 Rg6 39. Ne5 Rf6 40. Nd3 Rg6 41. Ne5 Rf6 42. Rf7 Rxf7 43. Nxf7 Ng5 44. Nxg5+ Qxg5 45. Qc2+ Kh8 46. Qc8+ Kh7 47. Qf8 Qc1+ 48. Kh2 Qd2 49. Qf5+ Kh8 50. Qf8+ Kh7 51. Qf5+ Kh8 52. Qe5 Qxf2 53. Qxd5 Qf4+ 54. Kg1 Kh7 55. Qd7 Qe3+ 56. Kf1 Qf4+ 57. Ke2 Qe4+ 58. Kf2 Qf4+ 59. Kg1 Qe3+ 60. Kf1 Qf4+ 61. Ke2 Qe4+ 62. Kd2 Qxg2+ 63. Kc3 Qf3+ 64. Kc4 Qe2+ 65. Kc5 Qc2+ 66. Kd6 Qg6+ 67. Qe6 Qg3+ 68. Kd7 Qf4 69. d5 Qa4+ 70. Ke7 Qa7+ 71. Qd7 Qe3+ 72. Kf8 Qf4+ 73. Ke8 Qe5+ 74. Qe6 Qb8+ 75. Kd7 Qb7+ 76. Kd6 Qb6+ 77. Ke7 Qc7+ 78. Qd7 Qe5+ 79. Kf8 Qf4+ 80. Ke8 Qe5+ 81. Qe6 Qb8+ 82. Ke7 Qc7+ 83. Ke8 Qb8+ 84. Kd7 Qb7+ 85. Kd6 Qb6+ 86. Ke7 Qc7+ 87. Ke8 Qb8+ 88. Ke7 Qc7+ 89. Qd7 Qe5+ 90. Kf8 Qf6+ 91. Ke8 Qe5+ 92. Kd8 Qb8+ 93. Ke7 Qe5+ 94. Qe6 Qc7+ 95. Kf8 Qb8+ 96. Qe8 Qd6+ 97. Qe7 Qb8+ 98. Qe8 Qd6+ 1/2-1/2

[Event "NOR-ch Various 2019"]
[Site "Larvik"]
[Date "2019.07.12"]
[Round "8.38"]
[White "Laverton, Christian"]
[Black "Skagseth, Havard M"]
[Result "1-0"]
[ECO "E05"]
[WhiteElo "2115"]
[BlackElo "2002"]
[Annotator "NA"]
[PlyCount "53"]
[EventDate "2019.07.06"]
[EventType "swiss"]
[EventCountry "NOR"]
[SourceTitle "playchess.com"]
[Source "ChessBase"]
[SourceQuality "1"]
[TimeControl "40/5400+30:1800+30"]

1. d4 Nf6 2. Nf3 d5 3. g3 e6 4. Bg2 Be7 5. c4 O-O 6. O-O dxc4 7. Qc2 a6 8. Qxc4 b5 9. Qc2 Bb7 10. Bg5 Nbd7 11. Nbd2 Rc8 12. Bxf6 Nxf6 13. Nb3 Be4 14. Qc1 Nd7 15. Rd1 c5 16. dxc5 Qc7 17. Qe3 Bc2 18. Rdc1 Bxb3 19. axb3 Bxc5 20. Qd2 Qb6 21. e3 Rfd8 22. b4 Bf8 23. Rxc8 Rxc8 24. Qxd7 Rd8 25. Rxa6 Qb8 26. Qa7 Qc8 27. Ra1 1-0

[Event "NOR-ch Various 2019"]
[Site "Larvik"]
[Date "2019.07.12"]
[Round "8.39"]
[White "Esbensen, Kai Inge"]
[Black "Machlik, Edit"]
[Result "1/2-1/2"]
[ECO "E32"]
[WhiteElo "1991"]
[BlackElo "2075"]
[Annotator "NA"]
[PlyCount "32"]
[EventDate "2019.07.06"]
[EventType "swiss"]
[EventCountry "NOR"]
[SourceTitle "playchess.com"]
[Source "ChessBase"]
[SourceQuality "1"]
[TimeControl "40/5400+30:1800+30"]

1. d4 Nf6 2. c4 e6 3. Nc3 Bb4 4. Qc2 O-O 5. a3 Bxc3+ 6. Qxc3 b6 7. f3 d5 8. Bg5 Bb7 9. e3 Nbd7 10. cxd5 Nxd5 11. Bxd8 Nxc3 12. Bh4 Nd5 13. Bf2 c5 14. Bb5 N5f6 15. Ne2 Rac8 16. O-O Rfd8 1/2-1/2

[Event "NOR-ch Various 2019"]
[Site "Larvik"]
[Date "2019.07.12"]
[Round "8.40"]
[White "Mansoor, Afras"]
[Black "Sorgjerd, Jan"]
[Result "1-0"]
[ECO "D36"]
[WhiteElo "1991"]
[BlackElo "2033"]
[Annotator "NA"]
[PlyCount "126"]
[EventDate "2019.07.06"]
[EventType "swiss"]
[EventCountry "NOR"]
[SourceTitle "playchess.com"]
[Source "ChessBase"]
[SourceQuality "1"]
[TimeControl "40/5400+30:1800+30"]

1. d4 Nf6 2. Bg5 d5 3. c4 e6 4. Nc3 Nbd7 5. cxd5 exd5 6. e3 Be7 7. Bd3 O-O 8. Nge2 Re8 9. O-O Nf8 10. Qc2 c6 11. Rad1 g6 12. f3 Nh5 13. Bxe7 Qxe7 14. e4 Be6 15. e5 Ng7 16. f4 Nf5 17. Qd2 h5 18. g3 Qd7 19. Kg2 Kg7 20. h3 Nh6 21. Ng1 Nh7 22. Qf2 Rh8 23. Rd2 Rag8 24. Nd1 Kf8 25. Ne3 Nf5 26. Bb1 Ke8 27. Kh2 Kd8 28. b4 Nf8 29. a4 Nxe3 30. Qxe3 Bf5 31. Bd3 Ne6 32. Rc1 Bxd3 33. Qxd3 h4 34. g4 Nxf4 35. Qa3 Qe7 36. Qc3 Kd7 37. b5 Rc8 38. Rdc2 Ne6 39. Nf3 g5 40. Qa5 Nxd4 41. bxc6+ Nxc6 42. Qxd5+ Ke8 43. Re1 Rd8 44. Qe4 Rh6 45. Rce2 Re6 46. Rb1 Rd7 47. Qh7 Kd8 48. Qg8+ Kc7 49. Qa8 Nd8 50. Qxa7 Rc6 51. Nd4 Rxd4 52. Qxd4 Ne6 53. Qa7 Nd8 54. Qa5+ Kb8 55. Rd2 Rc7 56. Qb5 Nc6 57. Re1 Qa3 58. Rd3 Qa2+ 59. Kg1 Re7 60. Rb1 Qe6 61. a5 Nxe5 62. Re3 f6 63. a6 Qd7 1-0

[Event "NOR-ch Various 2019"]
[Site "Larvik"]
[Date "2019.07.12"]
[Round "8.41"]
[White "Fossan, Andreas"]
[Black "Kjoita, Torgeir"]
[Result "1-0"]
[ECO "A57"]
[WhiteElo "2023"]
[BlackElo "2012"]
[Annotator "NA"]
[PlyCount "77"]
[EventDate "2019.07.06"]
[EventType "swiss"]
[EventCountry "NOR"]
[SourceTitle "playchess.com"]
[Source "ChessBase"]
[SourceQuality "1"]
[TimeControl "40/5400+30:1800+30"]

1. d4 Nf6 2. c4 c5 3. d5 b5 4. Qc2 g6 5. e4 bxc4 6. Bxc4 d6 7. Nf3 Bg7 8. O-O O-O 9. h3 a5 10. Re1 Ba6 11. Na3 Nbd7 12. Bg5 Nh5 13. Rad1 Ne5 14. Nxe5 Bxe5 15. Bxa6 Rxa6 16. Nc4 Bd4 17. Be3 Bg7 18. Qe2 Ra7 19. e5 f5 20. Bg5 Qd7 21. exd6 exd6 22. Qe6+ Kh8 23. Nxd6 Bxb2 24. Nc4 Bd4 25. d6 Qxe6 26. Rxe6 Kg8 27. Re7 Rf7 28. Rb1 Nf6 29. Rb8+ Kg7 30. Rxa7 Rxa7 31. Bxf6+ Bxf6 32. Nb6 Kf7 33. d7 Ra6 34. Nd5 Bh4 35. d8=Q Bxd8 36. Rxd8 c4 37. Rc8 Rd6 38. Ne3 Rd2 39. a3 1-0

[Event "NOR-ch Various 2019"]
[Site "Larvik"]
[Date "2019.07.13"]
[Round "9.1"]
[White "Thrana, Svein Arne"]
[Black "Smeby, Ole"]
[Result "1/2-1/2"]
[ECO "B01"]
[WhiteElo "1800"]
[BlackElo "1887"]
[Annotator "NA"]
[PlyCount "54"]
[EventDate "2019.07.06"]
[EventType "swiss"]
[EventCountry "NOR"]
[SourceTitle "playchess.com"]
[Source "ChessBase"]
[SourceQuality "1"]
[TimeControl "40/5400+30:1800+30"]

1. e4 d5 2. exd5 Qxd5 3. Nc3 Qa5 4. d4 Nf6 5. Nf3 c6 6. Bc4 Bf5 7. O-O e6 8. Bf4 Bb4 9. Ne2 O-O 10. c3 Be7 11. a4 Nbd7 12. b4 Qd8 13. a5 Nd5 14. Bd3 Bxd3 15. Qxd3 Nxf4 16. Nxf4 Bd6 17. Ne2 Nf6 18. Ng3 Nd5 19. Rae1 Nf4 20. Qd2 Ng6 21. Qg5 Qxg5 22. Nxg5 Nf4 23. N3e4 Be7 24. Nf3 Nd5 25. Rc1 Rfd8 26. Ne5 Nf4 27. Rc2 f6 1/2-1/2